 Dungeon Crawl Stone Soup version 0.27-a0-951-gae3e1deef5 (webtiles) character file.

Game seed: 14962673441817365255

3474 avis the Severer (level 10, -5/78 (81) HPs)
             Began as a Hill Orc Monk on Apr 11, 2021.
             Was a Priest of Beogh.
             Slain by a wight
             ... wielding a +4 trident of freezing
              (9 damage)
             ... on level 8 of the Dungeon.
             The game lasted 00:44:46 (6578 turns).

avis the Severer (Hill Orc Monk)                    Turns: 6578, Time: 00:44:47

HP:   -5/78 (81)    AC:  9    Str: 18    XL:     10   Next: 6%
MP:   5/12          EV: 11    Int: 10    God:    Beogh [***...]
Gold: 137           SH:  0    Dex: 16    Spells: 9/9 levels left

rFire    . . .     SeeInvis .   a - +0 hand axe (venom)
rCold    . . .     Faith    .   (no shield)
rNeg     . . .     Spirit   .   B - +0 swamp dragon scales
rPois    +         Reflect  .   (helmet restricted)
rElec    .         Harm     .   (no cloak)
rCorr    .         Rampage  +   (no gloves)
Will     +....                  J - +0 pair of boots {rampage}
Stlth    ..........             h - amulet of regeneration
HPRegen  1.23/turn              x - ring "Erchutur" {Fly Will+ Dex+3 Stlth-}
MPRegen  0.13/turn              E - ring of poison resistance

@: flying, lightly drained
A: horns 1, low mp 1, mutation resistance 1
a: Renounce Religion, Smiting


You were on level 8 of the Dungeon.
You worshipped Beogh.
Beogh was most pleased with you.
You visited 1 branch of the dungeon, and saw 8 of its levels.
You also visited: Sewer.

You collected 384 gold pieces.
You spent 247 gold pieces at shops.

Inventory:

Hand Weapons
 a - a +0 hand axe of venom (weapon)
 b - a +0 hunting sling
 c - a +1 flail of holy wrath
 s - a +0 halberd
 t - a +1 dagger of venom
 u - a +0 spear
 w - a +0 war axe
 N - a +0 flail of draining
 O - a +0 halberd
 P - a +0 spear
 Q - a +0 shortbow
 R - a +0 dagger of freezing
 T - the +1 hand crossbow "Zovvif" {penet, *Slow rElec rC+ rN+++}
   (You found it on level 7 of the Dungeon)

   Ammo fired by it passes through the targets it hits, potentially hitting all
   targets in its path until it reaches maximum range.
   It protects you from cold.
   It insulates you from electricity.
   It renders you almost immune to negative energy.
   It may slow you when you take damage.
Missiles
 l - 196 arrows
 o - 35 bolts
 r - 214 stones (quivered)
 v - 9 curare-tipped darts
 z - 66 poisoned darts
 G - 5 silver boomerangs
 H - 71 sling bullets
Armour
 f - a +0 chain mail
 g - a +0 helmet
 A - a +0 chain mail
 B - +0 swamp dragon scales (worn)
 J - a +0 pair of boots of rampaging (worn)
Jewellery
 h - an amulet of regeneration (around neck)
 q - an amulet of reflection
 x - the ring "Erchutur" (left hand) {Fly Will+ Dex+3 Stlth-}
   (You found it on level 4 of the Dungeon)

   [ring of flight]

   It affects your dexterity (+3).
   It grants you flight.
   It increases your willpower.
   It makes you less stealthy.
 E - a ring of poison resistance (right hand)
Wands
 m - a wand of polymorph (1)
 y - a wand of iceblast (24)
Scrolls
 e - 4 scrolls of identify
 k - 2 scrolls of holy word
 p - a scroll of torment
 K - a scroll of teleportation
 S - a scroll of blinking
Potions
 d - a potion of might
 i - 2 potions of cancellation
 j - a potion of magic
 n - 2 potions of curing
 C - a potion of berserk rage {unknown}
 D - a potion of lignification
 I - 2 potions of ambrosia {unknown}
 L - a potion of resistance
 M - a potion of flight {unknown}


   Skills:
 - Level 5.0 Fighting
 * Level 15.4 Axes
 - Level 5.0 Armour
 - Level 2.4 Dodging
 - Level 1.5 Stealth
 - Level 5.0 Invocations


You had 9 spell levels left.
You didn't know any spells.
Your spell library contained the following spells:

 Spells                   Type           Power      Damage    Failure   Level
 Animate Skeleton         Necr           0%         N/A       54%         1
 Apportation              Tloc           0%         N/A       54%         1
 Corona                   Hex            0%         N/A       54%         1
 Summon Small Mammal      Summ           0%         N/A       54%         1
 Ensorcelled Hibernation  Hex/Ice        0%         N/A       67%         2
 Confusing Touch          Hex            0%         N/A       88%         3
 Dazzling Flash           Conj/Hex       0%         N/A       88%         3
 Tukima's Dance           Hex            0%         N/A       88%         3


Dungeon Overview and Level Annotations

Branches:
Dungeon (8/15)             Temple (0/1) D:4           Sewer (visited)
   Lair: D:8-11

Altars:
Fedhas
Kikubaaqudgha
Okawaru
Ru
Sif Muna
Zin

Shops:
D:5 *

Annotations:
D:8 Blork the orc


Innate Abilities, Weirdness & Mutations

You have a pair of small horns on your head.
Your magical capacity is low. (-10% MP)
You are somewhat resistant to further mutation.


Message History

You smite Maggie!
You kill Maggie!
Beogh accepts your kill.
The wight hits you from afar with a +4 trident of freezing.
* * * LOW HITPOINT WARNING * * *
You feel drained.
* * * LOW HITPOINT WARNING * * *
The wight freezes you.
* * * LOW HITPOINT WARNING * * *
The wight misses you.
Your life force feels restored.
Training target 5.0 for Armour reached!
Your Axes skill increases to level 15!
Your Armour skill increases to level 5!
You have reached level 10!
You feel stronger.
Okay, then.
Okay, then.
You feel better. The wight hits you but does no damage.
The wight closely misses you.
You slash the wight!
You headbutt the wight, but do no damage.
The wight is almost destroyed.
The wight hits you from afar with a +4 trident of freezing.
* * * LOW HITPOINT WARNING * * *
The wight freezes you.
* * * LOW HITPOINT WARNING * * *
You hit the wight but do no damage.
The wight is almost destroyed.
The wight barely misses you.
The wight hits you from afar with a +4 trident of freezing!
* * * LOW HITPOINT WARNING * * *
You feel drained.
* * * LOW HITPOINT WARNING * * *
The wight freezes you.
* * * LOW HITPOINT WARNING * * *
You feel better. The wight hits you with a +5 flail!
* * * LOW HITPOINT WARNING * * *
You feel drained.
The wight hits you from afar with a +4 trident of freezing!
You die...

###..........#
...#.#.#.#..##
#####............
.#.....#.#.#.#..##
...>..............
.......#.#.#.#..#
.#.......).†....#
.........#.#....#
.....#..o#@#..#.#
#... #...#z#..# ..
.. #....zK..# #
.## #..##.#.##
.....#...#.#.###
.................
......#.#...#.##
...####.#.###.# ..
##.#..# .# ..#


You could see a kobold brigand and 2 wights.

Vanquished Creatures
  Maggie (D:8)
  Prince Ribbit (D:5)
  Grinder (D:5)
  Grum (D:8)
  2 water moccasins
  Duvessa (D:5)
  A swamp drake (D:6)
  A sky beast (D:8)
  An ice beast (D:8)
  2 ogres (D:6)
  2 wolves (D:8)
  2 centaurs
  3 kobold brigands (Sewer)
  A bullfrog (D:6)
  2 scorpions
  A water moccasin skeleton (D:5)
  Dowan (D:5)
  A killer bee (D:8)
  A wight (D:8)
  2 hounds
  A jelly (D:4)
  A gnoll shaman (D:5)
  An iguana (D:5)
  An orc wizard (D:5)
  Robin (D:2)
  A howler monkey zombie (D:7)
  5 gnolls
  A howler monkey skeleton (D:7)
  19 adders
  4 river rats
  A white imp (D:5)
  2 ufetubi
  9 worms
  A dart slug (D:1)
  4 orcs
  9 ball pythons
  4 bats
  6 endoplasms
  A giant cockroach (D:3)
  16 goblins
  4 hobgoblins
  5 jackals
  4 quokkas
  3 frilled lizards (D:1)
  12 kobolds
  8 rats
152 creatures vanquished.

Vanquished Creatures (collateral kills)
  A water moccasin (D:6)
  A hornet zombie (D:7)
  A sky beast (D:5)
  A necrophage (D:6)
  A wolf (D:8)
  A kobold brigand (D:7)
  A scorpion (D:6)
  2 killer bees (D:8)
  A wight (D:8)
  A bullfrog skeleton (D:5)
  A centaur skeleton (D:7)
  An orc priest (D:7)
  A gnoll shaman (D:6)
  An iguana (D:5)
  2 gnolls (D:7)
  An orc (D:7)
18 creatures vanquished.

Vanquished Creatures (others)
  Blork the orc (D:8)
  4 orc priests
  An orc wizard (D:7)
  Terence (D:2)
  6 orcs
  A dart slug (D:2)
  An endoplasm (D:2)
  3 goblins (D:2)
18 creatures vanquished.

Grand Total: 188 creatures vanquished

Notes
Turn   | Place    | Note
-------+----------+-------------------------------------------
     0 | D:1      | avis the Hill Orc Monk began the quest for the Orb.
     0 | D:1      | Reached XP level 1. HP: 19/19 MP: 1/1
    70 | D:1      | Reached XP level 2. HP: 11/27 MP: 2/2
   722 | D:1      | Reached skill level 5 in Axes
   723 | D:1      | Reached XP level 3. HP: 27/33 MP: 3/3
  1512 | D:1      | Reached XP level 4. HP: 38/41 MP: 4/4
  1586 | D:2      | Became a worshipper of Beogh the Brigand
  1586 | D:2      | Reached * piety under Beogh
  1586 | D:2      | Reached ** piety under Beogh
  1589 | D:2      | Noticed Terence
  1600 | D:2      | Killed Terence
  1889 | D:2      | Reached skill level 6 in Axes
  1929 | D:2      | Noticed Robin
  2104 | D:1      | Reached XP level 5. HP: 38/47 MP: 5/5
  2292 | D:2      | Killed Robin
  2481 | D:2      | Found a faded altar of an unknown god.
  2658 | D:3      | Found a blossoming altar of Fedhas.
  2784 | D:3      | Found an ancient bone altar of Kikubaaqudgha.
  2862 | D:3      | Reached skill level 5 in Fighting
  2862 | D:3      | Reached skill level 7 in Axes
  3122 | D:4      | Gained mutation: You possess an exceptional clarity of
                  | mind. [potion of mutation]
  3122 | D:4      | Gained mutation: Your flesh is cold resistant. (rC+)
                  | [potion of mutation]
  3203 | D:4      | Reached skill level 1 in Invocations
  3230 | D:4      | Reached *** piety under Beogh
  3231 | D:4      | Reached XP level 6. HP: 56/56 MP: 5/7
  3291 | D:4      | Found a glowing drain.
  3298 | Sewer    | Entered a sewer
  3443 | Sewer    | Reached skill level 8 in Axes
  3606 | Sewer    | Reached XP level 7. HP: 54/61 MP: 9/9
  3610 | Sewer    | Reached skill level 9 in Axes
  3981 | D:4      | Found a staircase to the Ecumenical Temple.
  4004 | D:4      | Identified the ring "Erchutur" {Fly Will+ Dex+3 Stlth-}
  4068 | D:4      | Lost mutation: You possess an exceptional clarity of mind.
                  | [potion of mutation]
  4068 | D:4      | Lost mutation: Your flesh is cold resistant. (rC+) [potion
                  | of mutation]
  4068 | D:4      | Gained mutation: You have a pair of small horns on your
                  | head. [potion of mutation]
  4068 | D:4      | Gained mutation: Your magical capacity is low. (-10% MP)
                  | [potion of mutation]
  4068 | D:4      | Gained mutation: You are somewhat resistant to further
                  | mutation. [potion of mutation]
  4222 | D:5      | Entered Level 5 of the Dungeon
  4266 | D:5      | Noticed Grinder
  4278 | D:5      | Killed Grinder
  4279 | D:5      | Reached skill level 10 in Axes
  4279 | D:5      | Reached skill level 5 in Invocations
  4279 | D:5      | Reached XP level 8. HP: 67/68 MP: 10/10
  4288 | D:5      | Reached skill level 11 in Axes
  4333 | D:5      | Noticed Blork the orc
  4387 | D:5      | Noticed Prince Ribbit
  4457 | D:5      | Found an iron altar of Okawaru.
  4519 | D:5      | Killed Prince Ribbit
  4550 | D:5      | Noticed Dowan
  4550 | D:5      | Noticed Duvessa
  4560 | D:5      | Killed Dowan
  4560 | D:5      | Killed Duvessa
  4561 | D:5      | Reached skill level 12 in Axes
  4693 | D:5      | Found Onneref's General Store.
  4696 | D:5      | Bought a +0 pair of boots of rampaging for 172 gold pieces
  4696 | D:5      | Bought a scroll of identify for 30 gold pieces
  4696 | D:5      | Bought a scroll of teleportation for 45 gold pieces
  4911 | D:6      | Noticed Edmund
  4914 | D:6      | Noticed Edmund
  4914 | D:6      | Edmund changed into Edmund the scorpion
  4917 | D:6      | Killed Edmund the scorpion
  4994 | D:6      | Reached skill level 13 in Axes
  4994 | D:6      | Reached XP level 9. HP: 73/74 MP: 11/11
  5053 | D:6      | Reached skill level 1 in Armour
  5753 | D:7      | Reached **** piety under Beogh
  5856 | D:7      | Identified the +1 hand crossbow "Zovvif" {penet, *Slow
                  | rElec rC+ rN+++}
  5941 | D:7      | Reached skill level 14 in Axes
  6111 | D:7      | Found a glowing silver altar of Zin.
  6271 | D:7      | Found a shimmering blue altar of Sif Muna.
  6272 | D:7      | Found a sacrificial altar of Ru.
  6411 | D:8      | Noticed Grum
  6436 | D:8      | Killed Grum
  6561 | D:8      | Noticed Maggie
  6573 | D:8      | Your ally died
  6574 | D:8      | Killed Maggie
  6575 | D:8      | Reached skill level 15 in Axes
  6575 | D:8      | Reached skill level 5 in Armour
  6575 | D:8      | Reached XP level 10. HP: 13/81 MP: 5/12
  6577 | D:8      | HP: 1/79 [wight/+4 trident of freezing (4)]
  6578 | D:8      | Slain by a wight

Illustrated notes

Levels and vault maps discovered:
D:1:      dpeg_arrival_central, layout_loops_ring
D:2:      layout_rooms, hellmonk_ecumenical_altar_lost_god, uniq_robin,
          uniq_terence
D:3:      layout_rooms, fedhas_altar_2, nicolae_overflow_crystal_walls,
          chequers_jeans
D:4:      layout_rooms, minmay_temple_entry_proselytizer,
          lightli_sewer_entry_pipes
D:5:      layout_rooms, marbit_many_paths, serial_shops, kennysheep_mini_moat,
          uniq_grinder, uniq_prince_ribbit1, uniq_blork_the_orc, uniq_duvessa
D:6:      layout_loops_ring, grunt_ministairs_15, minmay_misc_feat_encased,
          uniq_edmund
D:7:      layout_basic, zin_statuary, minitemple
D:8:      layout_basic, old_standard_altar, serial_glass, glass_columns_b,
          glass_columns_c, enter_bailey_2, minmay_diced_spiral, uniq_grum,
          uniq_maggie

Skill      XL: |  1  2  3  4  5  6  7  8  9 |
---------------+----------------------------+-----
Fighting       | 4 5 |  5.0
Axes           | 5 6 7 8 10 13 15 | 15.4
Invocations    | 1 3 5 |  5.0
Armour         | 5 |  5.0
Dodging        | |  2.4
Stealth        | |  1.5

Action                   |  1- 3 |  4- 6 |  7- 9 | 10-12 || total
-------------------------+-------+-------+-------+-------++-------
Melee: Hand axe          |   118 |   255 |   287 |     2 ||   662
       Headbutt          |       |       |    75 |     1 ||    76
 Fire: Hunting sling     |       |   120 |       |       ||   120
Invok: Convert to Beogh  |       |     1 |       |       ||     1
       Smiting           |       |       |     5 |       ||     5
  Use: Scroll            |       |     8 |     4 |       ||    12
       Potion            |       |     1 |     9 |     2 ||    12
 Stab: Sleeping          |     2 |       |       |       ||     2
       Distracted        |       |       |     3 |       ||     3
Armor: Robe              |    18 |       |       |       ||    18
       Ring mail         |       |    48 |       |       ||    48
       Chain mail        |       |    57 |   111 |       ||   168
       Swamp dragon scal |       |       |     5 |     1 ||     6
Dodge: Dodged            |    79 |   118 |    94 |     2 ||   293

Table legend: (Time is in decaauts)
 A = Elapsed time spent in this place.
 B = Non-inter-level travel time spent in this place.
 C = Inter-level travel time spent in this place.
 D = Time resting spent in this place.
 E = Time spent auto-exploring this place.
 F = Levels seen in this place.
 G = Mean time per level.
                   A        B        C        D        E       F      G
               +--------+--------+--------+--------+--------+-----+--------+
         Total |   6596 |   6132 |    464 |    807 |   2971 |   9 |  732.9 |
       Dungeon |   6046 |   5582 |    464 |    784 |   2883 |   8 |  755.8 |
         Sewer |    549 |    549 |      0 |     23 |     88 |   1 |  549.0 |
               +--------+--------+--------+--------+--------+-----+--------+

Top non-repeatable levels by time:
     D:1: 1644 daAuts
     D:2: 922 daAuts
     D:6: 779 daAuts
     D:7: 690 daAuts
     D:5: 665 daAuts
     D:4: 615 daAuts
     D:3: 587 daAuts
   Sewer: 549 daAuts
     D:8: 141 daAuts
